 Dungeon Crawl Stone Soup version 0.31-a0-164-g2312942fda (webtiles) character file.

Game seed: 7312849320526875567

2419 Anon1729 the Trooper (level 9, -14/79 HPs)
             Began as a Minotaur Monk on June 13, 2023.
             Was a Follower of Uskayaw.
             Demolished by an ogre
             ... wielding a +0 halberd
              (24 damage)
             ... in a bailey.
             The game lasted 00:05:10 (6253 turns).

Anon1729 the Trooper (Minotaur Monk)                Turns: 6253, Time: 00:05:11

Health: -14/79     AC:  5    Str: 16    XL:     9   Next: 24%
Magic:  12/12      EV: 16    Int:  7    God:    Uskayaw [*.....]
Gold:   249        SH:  5    Dex: 17    Spells: 8/8 levels left

rFire   . . .        a - +2 dagger (venom)
rCold   . . .        d - orb {light}
rNeg    . . .        b - +0 robe
rPois   .            w - +0 hat
rElec   .            (no cloak)
rCorr   .            h - +0 pair of gloves
SInv    .            x - +0 pair of boots
Will    +....        f - amulet of reflection
Stlth   +            (no ring)
HPRegen 0.33/turn    z - ring of willpower
MPRegen 0.13/turn

%: reflection
@: glowing
A: horns 2, retaliatory headbutt
a: Renounce Religion, Stomp


You were in a bailey.
You worshipped Uskayaw.
Uskayaw was noncommittal.
You visited 2 branches of the dungeon, and saw 8 of its levels.
You also visited: Bailey.

You collected 249 gold pieces.

Inventory:

Hand Weapons
 a - a +2 dagger of venom (weapon)
 l - a +0 short sword
Armour
 b - a +0 robe (worn)
 d - an orb of light (worn)
 h - a +0 pair of gloves (worn)
 w - a +0 hat (worn)
 x - a +0 pair of boots (worn)
Jewellery
 f - an amulet of reflection (around neck)
 z - a ring of willpower (right hand)
 C - the ring "Watseon" {rF- rN+ Str+9}
   (You found it on level 6 of the Dungeon)

   [ring of positive energy]

   Str:       It affects your strength (+9).
   rF:        It makes you vulnerable to fire.
   rN:        It protects you from negative energy.
Scrolls
 g - 3 scrolls of summoning {unknown}
 j - a scroll of poison {unknown}
 k - 3 scrolls of enchant armour {unknown}
 m - a scroll of blinking {unknown}
 n - 3 scrolls of fear {unknown}
 o - 4 scrolls of identify {unknown}
 p - a scroll of silence {unknown}
 r - a scroll of teleportation {unknown}
 t - 2 scrolls of brand weapon {unknown}
 u - a scroll of immolation {unknown}
 y - a scroll of vulnerability {unknown}
 A - a scroll of torment {unknown}
 D - a scroll of amnesia {unknown}
Potions
 c - 3 potions of ambrosia
 e - a potion of cancellation {unknown}
 i - 2 potions of curing {unknown}
 q - 2 potions of heal wounds {unknown}
 s - a potion of brilliance {unknown}
 v - a potion of degeneration {unknown}
 B - a potion of resistance {unknown}


   Skills:
 + Level 7.6 Fighting
 + Level 6.9 Short Blades
 + Level 6.5 Armour
 + Level 6.9 Dodging
 + Level 5.4 Invocations


You had 8 spell levels left.
You didn't know any spells.
Your spell library contained the following spells:

 Spells                   Type           Power      Damage    Failure   Level
 Freeze                   Ice            0%         1d3       43%         1
 Magic Dart               Conj           0%         1d3       43%         1
 Blink                    Tloc           0%         N/A       56%         2
 Lesser Beckoning         Tloc           0%         N/A       56%         2
 Momentum Strike          Conj/Tloc      0%         3d8       56%         2
 Searing Ray              Conj           0%         2d4       56%         2
 Frozen Ramparts          Ice            0%         1d1       80%         3
 Hailstorm                Conj/Ice       0%         3d3       80%         3
 Ignite Poison            Fire/Tmut/Pois 0%         N/A       80%         3
 Portal Projectile        Hex/Tloc       0%         N/A       80%         3
 Tukima's Dance           Hex            0%         N/A       80%         3
 Fulminant Prism          Conj/Hex       0%         3d5       99%         4
 Sticky Flame             Conj/Fire      0%         2d3       99%         4
 Blade Hands              Tmut           0%         N/A       100%        5
 Ignition                 Fire           0%         3d3       100%        8


Dungeon Overview and Level Annotations

Branches:
Dungeon (7/15)             Temple (1/1) D:6          Bailey (1/1)

Altars:
Ashenzari
Cheibriados
Dithmenos
Elyvilon
Fedhas
Gozag
Hepliaklqana
Kikubaaqudgha
Makhleb
Nemelex Xobeh
Okawaru
Qazlal
Ru
Sif Muna
Uskayaw
Vehumet
Wu Jian
Xom
Yredelemnul
The Shining One

Shops:
D:6 *


Innate Abilities, Weirdness & Mutations

You have a pair of horns on your head.
You reflexively headbutt those who attack you in melee.


Message History

An ogre is nearby!
You enter the shallow water.
Moving in this stuff is going to be slow.
A spriggan comes into view. It is wielding a +0 trident.
The spriggan shouts!
An ogre comes into view. It is wielding a +0 halberd.
The ogre shouts!
The ogre closely misses you.
You hit the ogre.
The ogre is lightly wounded.
The ogre closely misses you. The spriggan barely misses you.
Your unstable footing causes you to fumble your attack.
The spriggan splashes around in the water.
You hit the ogre.
The ogre is poisoned.
The ogre is lightly wounded.
The ogre closely misses you.
Your unstable footing causes you to fumble your attack.
The spriggan hits you from afar with a +0 trident!
You hit the ogre.
The ogre looks as sick as possible!
The ogre is moderately wounded.
The ogre barely misses you.
Your unstable footing causes you to fumble your attack.
The spriggan splashes around in the water.
The ogre hits you from afar with a +0 halberd!
You hit the ogre but do no damage.
The ogre is moderately wounded.
The spriggan splashes around in the water.
Your unstable footing causes you to fumble your attack.
The ogre closely misses you. The ogre barely misses you.
The spriggan hits you from afar with a +0 trident!
The ogre hits you from afar with a +0 halberd!!
* * * LOW HITPOINT WARNING * * *
The spriggan misses you.
The ogre hits you from afar with a +0 halberd!
* * * LOW HITPOINT WARNING * * *
The spriggan misses you.
An ogre comes into view. It is wielding a +0 halberd.
The spriggan splashes around in the water.
The ogre hits you from afar with a +0 halberd!!
You die...

#######
###.....###
##.........##
##...........##
#....∩...∩....#
##...........##
##....@....##
###~~~~~###
#~OOi~# #~~~~~#
#.......#
#.........#
#..#####♣#..#
#..# ♣O.# #..♣
♣..


You could see 3 ogres and a spriggan.

Vanquished Creatures
  5 yaks (D:6)
  Sigmund (D:5)
  Edmund (D:5)
  3 ogres
  A centaur (D:6)
  A phantom (D:6)
  A kobold brigand (D:6)
  A scorpion (D:6)
  7 hounds
  A jelly (D:4)
  5 orc priests
  A sleepcap (D:5)
  Terence (D:2)
  Natasha (thrice) (D:3)
  2 iguanas
  4 orc wizards
  7 adders
  A gnoll (D:5)
  2 shadow imps
  2 white imps
  2 worms
  25 orcs
  5 ball pythons
  2 bats (D:2)
  13 endoplasms
  2 giant cockroaches
  11 goblins
  10 hobgoblins
  6 jackals
  13 kobolds
  7 quokkas
  4 frilled lizards
  A rat (D:1)
  A spectral kobold (D:4)
152 creatures vanquished.

Notes
Turn   | Place    | Note
-------+----------+-------------------------------------------
     0 | D:1      | Anon1729 the Minotaur Monk began the quest for the Orb.
     0 | D:1      | Reached XP level 1. HP: 19/19 MP: 0/0
    98 | D:1      | Reached XP level 2. HP: 27/27 MP: 1/1
   370 | D:1      | Reached skill level 1 in Armour
   447 | D:1      | Found a faded altar of an unknown god.
   766 | D:2      | Reached XP level 3. HP: 30/33 MP: 2/2
   797 | D:2      | Reached skill level 4 in Fighting
   797 | D:2      | Reached skill level 1 in Invocations
  1032 | D:2      | Noticed Terence
  1039 | D:2      | Killed Terence
  1040 | D:2      | Reached XP level 4. HP: 40/40 MP: 2/4
  1784 | D:3      | Noticed Natasha
  1790 | D:3      | Killed Natasha
  1997 | D:3      | Noticed Natasha
  2005 | D:3      | Killed Natasha
  2006 | D:3      | Reached XP level 5. HP: 42/47 MP: 5/5
  2039 | D:3      | Noticed Natasha
  2044 | D:3      | Killed Natasha
  2410 | D:4      | Reached XP level 6. HP: 47/55 MP: 6/6
  2744 | D:4      | Reached skill level 5 in Fighting
  3047 | D:4      | Found a hazy altar of Hepliaklqana.
  3109 | D:5      | Entered Level 5 of the Dungeon
  3310 | D:5      | Reached XP level 7. HP: 61/61 MP: 8/8
  3444 | D:5      | Reached skill level 5 in Dodging
  3450 | D:5      | Reached skill level 5 in Short Blades
  3531 | D:5      | Noticed Sigmund
  3543 | D:5      | Killed Sigmund
  3767 | D:5      | Noticed Edmund
  3789 | D:5      | Killed Edmund
  3790 | D:5      | Reached skill level 6 in Fighting
  4138 | D:5      | Reached XP level 8. HP: 70/70 MP: 9/9
  4456 | D:6      | Reached skill level 5 in Armour
  5053 | D:6      | Reached skill level 7 in Fighting
  5068 | D:6      | Reached skill level 5 in Invocations
  5096 | D:6      | Reached XP level 9. HP: 9/79 MP: 11/11
  5692 | D:6      | Found a staircase to the Ecumenical Temple.
  5697 | D:6      | Found Ilaguq's Neck Hole.
  5718 | Temple   | Entered the Ecumenical Temple
  5814 | Temple   | Became a worshipper of Uskayaw the Reveller
  5814 | Temple   | Reached * piety under Uskayaw
  5940 | D:6      | Found an iron altar of Okawaru.
  5963 | D:6      | Found a stormy altar of Qazlal.
  5994 | D:6      | Identified the ring "Watseon" {rF- rN+ Str+9}
  6207 | D:7      | Found a flagged portal.
  6216 | D:7      | Reached ** piety under Uskayaw
  6233 | Bailey   | Entered a bailey
  6253 | Bailey   | Demolished by an ogre

Illustrated notes

Levels and vault maps discovered:
D:1:      pf_arrival_petrified_forest, layout_loops_ring,
          ebering_ecumenical_altar_ruins
D:2:      layout_basic, uniq_terence
D:3:      layout_rooms, uniq_natasha
D:4:      layout_cave_pods, nicolae_hepliaklqana_monster_ancestors,
          chequers_serial_rivers_small_a
D:5:      layout_basic, cheibrodos_gnoll_hut, uniq_sigmund, uniq_edmund
D:6:      nicolae_cairo_tiling_large_dashed, layout_basic,
          nicolae_qazlal_eye_of_the_storm,
          hellmonk_okawaru_the_only_friend_you_need, temple_statues,
          serial_glass, glass_columns_b, glass_columns_a, feat_on_display,
          feat_on_display, hangedman_decor_clover_reticule,
          nicolae_shop_sticking_my_neck_out
D:7:      layout_basic, enter_bailey_5
Temple:   minmay_temple_bridge_d
Bailey:   bailey_polearm_enchanted_keep_hellmonk, bailey

Skill      XL: |  1  2  3  4  5  6  7  8 |
---------------+-------------------------+-----
Armour         | 1 2 3 4 6 |  6.5
Fighting       | 4 5 6 7 |  7.6
Invocations    | 1 2 3 5 |  5.4
Dodging        | 4 5 6 |  6.9
Short Blades   | 4 5 6 |  6.9

Action                     |  1- 3 |  4- 6 |  7- 9 || total
---------------------------+-------+-------+-------++-------
  Melee: Short sword       |    58 |       |       ||    58
         Headbutt          |    16 |    35 |    71 ||   122
         Dagger            |    15 |   121 |   231 ||   367
 Armour: Robe              |     9 |    20 |    24 ||    53
  Dodge: Dodged            |    47 |    63 |   113 ||   223
  Block: Orb               |       |    19 |    38 ||    57
         Reflection        |       |     1 |       ||     1

Table legend: (Time is in decaauts)
 A = Elapsed time spent in this place.
 B = Non-inter-level travel time spent in this place.
 C = Inter-level travel time spent in this place.
 D = Time resting spent in this place.
 E = Time spent auto-exploring this place.
 F = Levels seen in this place.
 G = Mean time per level.
                   A        B        C        D        E       F      G
               +--------+--------+--------+--------+--------+-----+--------+
         Total |   6151 |   5795 |    356 |    716 |   4137 |   9 |  683.4 |
       Dungeon |   5964 |   5701 |    263 |    716 |   4067 |   7 |  852.0 |
        Temple |    167 |     75 |     92 |      0 |     65 |   1 |  167.0 |
        Bailey |     19 |     19 |      0 |      0 |      5 |   1 |   19.0 |
               +--------+--------+--------+--------+--------+-----+--------+

Top non-repeatable levels by time:
     D:5: 1627 daAuts
     D:6: 1216 daAuts
     D:2: 1013 daAuts
     D:4: 731 daAuts
     D:1: 730 daAuts
     D:3: 600 daAuts
  Temple: 167 daAuts
     D:7: 44 daAuts
  Bailey: 19 daAuts
